 Dungeon Crawl Stone Soup version 0.23.2-40-g277498a001 (webtiles) character file.

Game seed: 16582812203760501579

1384 Dodman the Cleaver (level 8, -4/71 HPs)
             Began as a Minotaur Berserker on Oct 11, 2019.
             Was a Priest of Trog.
             Slain by a wight
             ... wielding a cursed +3 spear of freezing
              (7 damage)
             ... on level 6 of the Dungeon.
             The game lasted 00:11:17 (4831 turns).

Dodman the Cleaver (Minotaur Berserker)             Turns: 4831, Time: 00:11:18

Health: -4/71      AC:  2    Str: 24    XL:     8   Next: 40%
Magic:  7/7        EV: 13    Int:  4    God:    Trog [***...]
Gold:   209        SH:  6    Dex: 10    Spells: 7/7 levels left

rFire    + . .     SeeInvis .   a - +0 hand axe
rCold    . . .     Gourm    .   (no shield)
rNeg     . . .     Faith    .   b - +0 animal skin
rPois    .         Spirit   .   (helmet restricted)
rElec    .         Reflect  +   (no cloak)
rCorr    .         Harm     .   (no gloves)
MR       .....                  (no boots)
Stlth    ++........             i - +6 amulet of reflection
HPRegen  0.21/turn              q - ring of protection from fire
MPRegen  0.10/turn              (no ring)

@: heavily drained
A: retaliatory headbutt, horns 2
a: Berserk, Trog's Hand, Renounce Religion


You were on level 6 of the Dungeon.
You worshipped Trog.
Trog was most pleased with you.
You were near starving.

You visited 1 branch of the dungeon, and saw 6 of its levels.

You collected 209 gold pieces.

Inventory:

Hand Weapons
 a - a +0 hand axe (weapon)
Armour
 b - a +0 animal skin (worn)
 g - a +0 large shield
Jewellery
 i - a +6 amulet of reflection (around neck)
 q - a ring of protection from fire (left hand)
Wands
 p - a wand of flame (5)
 t - a wand of scattershot (8)
Scrolls
 d - a scroll of enchant weapon {unknown}
 e - 3 scrolls of identify
 f - 2 scrolls of amnesia {unknown}
 k - 5 scrolls of teleportation {unknown}
 m - 5 scrolls of remove curse {unknown}
 n - a scroll of noise {unknown}
 r - a scroll of fear {unknown}
 u - a scroll of immolation {unknown}
Potions
 h - a potion of degeneration {unknown}
 j - a potion of resistance {unknown}
 o - a potion of might {unknown}
 s - a potion of berserk rage {unknown}
 v - a potion of agility {unknown}
 w - a potion of brilliance {unknown}
Comestibles
 c - 6 rations


   Skills:
 + Level 6.4(5.0) Fighting
 + Level 8.9(7.5) Axes
 + Level 2.5(1.3) Armour
 + Level 5.4(4.1) Dodging
 + Level 3.0(1.8) Stealth
 + Level 3.0(1.7) Shields


You had 7 spell levels left.
You didn't know any spells.
Your spell library contained the following spells:

 Spells                   Type           Power        Failure   Level  Hunger
 Magic Dart               Conj           #...         50%         1    ##.....
 Blink                    Tloc           N/A          65%         2    ###....
 Call Imp                 Summ           #.......     65%         2    ###....
 Slow                     Hex            #.......     65%         2    ###....
 Conjure Flame            Conj/Fire      #.......     86%         3    ####...
 Mephitic Cloud           Conj/Pois/Air  #.......     86%         3    ####...


Dungeon Overview and Level Annotations

Branches:
Dungeon (6/15)
 Temple: D:4-7

Altars:
Ashenzari
Ru

Shops:
D:5 [*%


Innate Abilities, Weirdness & Mutations

You reflexively headbutt those who attack you in melee.
You have a pair of horns on your head.


Message History

You slash the orc!
You kill the orc!
Trog accepts your kill.
You hit the orc. You closely miss the wight.
The wight hits you with a +5 flail.
* * * LOW HITPOINT WARNING * * *
You feel drained. The wight barely misses you.
The wight hits you from afar with a cursed +3 spear of freezing!
* * * LOW HITPOINT WARNING * * *
You feel drained.
* * * LOW HITPOINT WARNING * * *
The wight freezes you.
* * * LOW HITPOINT WARNING * * *
Unknown command.
You barely miss the wight. You headbutt the wight.
The wight is moderately damaged.
You barely miss the orc. You block the orc's attack.
You block the wight's attack. x2
The wight hits you from afar with a cursed +3 spear of freezing!
You die...

# ## #. .# .
#####.##.###...
...............
#<.# #@z# #)o#
.z.z. ........
#..........
#########.. .


You could see 3 wights and an orc.

Vanquished Creatures
  Grinder (D:3)
  Sigmund (D:5)
  A sky beast (D:5)
  A black bear (D:6)
  A phantom (D:4)
  2 ogres (D:5)
  A centaur (D:5)
  2 howler monkeys
  A centaur zombie (D:5)
  An orc priest (D:5)
  3 hounds
  Crazy Yiuf (D:2)
  An orc wizard (D:3)
  A bullfrog skeleton (D:5)
  Ijyb (D:4)
  An iguana (D:5)
  2 worker ants
  6 adders
  An adder zombie (D:5)
  4 worms
  A dart slug (D:1)
  2 leopard geckos
  12 orcs
  3 ball pythons
  6 giant cockroaches
  5 goblins
  6 hobgoblins
  6 jackals
  2 quokkas
  6 bats
  3 frilled lizards
  3 kobolds
  A leopard gecko skeleton (D:5)
  6 rats
  A fungus (D:2)
96 creatures vanquished.

Notes
Turn   | Place    | Note
-------+----------+-------------------------------------------
     0 | D:1      | Dodman the Minotaur Berserker began the quest for the Orb.
     0 | D:1      | Reached XP level 1. HP: 19/19 MP: 0/0
   308 | D:1      | Reached skill level 4 in Axes
   344 | D:1      | Reached XP level 2. HP: 27/27 MP: 1/1
   855 | D:2      | Reached XP level 3. HP: 29/33 MP: 2/2
  1094 | D:2      | Found a shattered altar of Ashenzari.
  1264 | D:2      | Reached ** piety under Trog
  1630 | D:2      | Found a runed translucent door.
  1631 | D:2      | Noticed Crazy Yiuf
  1640 | D:2      | Killed Crazy Yiuf
  1640 | D:2      | Reached skill level 5 in Axes
  1640 | D:2      | Reached XP level 4. HP: 29/40 MP: 3/3
  1829 | D:3      | Reached skill level 1 in Stealth
  2225 | D:3      | Reached XP level 5. HP: 24/47 MP: 4/4
  2637 | D:4      | Noticed Grinder
  2647 | D:3      | Killed Grinder
  2647 | D:3      | Reached skill level 6 in Axes
  2647 | D:3      | Reached XP level 6. HP: 55/55 MP: 5/5
  2647 | D:3      | Reached skill level 5 in Fighting
  2854 | D:4      | Reached *** piety under Trog
  3031 | D:4      | Noticed Ijyb
  3048 | D:4      | Killed Ijyb
  3048 | D:4      | Reached XP level 7. HP: 52/61 MP: 6/6
  3091 | D:4      | Reached skill level 7 in Axes
  3511 | D:5      | Entered Level 5 of the Dungeon
  3534 | D:5      | Found Uthaa's General Store.
  3560 | D:5      | Reached skill level 1 in Shields
  3608 | D:5      | Found Jipramest's Armour Boutique.
  3680 | D:5      | Found a sacrificial altar of Ru.
  3710 | D:5      | Reached skill level 8 in Axes
  3862 | D:5      | Noticed Sigmund
  3873 | D:5      | Killed Sigmund
  3873 | D:5      | Reached skill level 5 in Dodging
  3873 | D:5      | Reached XP level 8. HP: 31/70 MP: 7/7
  4305 | D:5      | Found Qaapliq's Food Boutique.
  4830 | D:6      | HP: 3/71 [wight/cursed +3 spear of freezing (1)]
  4831 | D:6      | Slain by a wight

Skill      XL: |  1  2  3  4  5  6  7  8 |
---------------+-------------------------+-----
Axes           | 4 5 6 8 |  8.9
Fighting       | 4 5 6 |  6.4
Stealth        | 1 2 3 |  3.0
Dodging        | 3 4 5 |  5.4
Shields        | 2 3 |  3.0
Armour         | |  2.5

Action                   |  1- 3 |  4- 6 |  7- 9 || total
-------------------------+-------+-------+-------++-------
Melee: Hand axe          |    75 |    86 |   102 ||   263
       Headbutt          |    13 |    21 |    21 ||    55
Invok: Berserk           |     1 |     1 |     3 ||     5
  Use: Scroll            |       |     2 |       ||     2
 Stab: Sleeping          |     2 |     1 |     1 ||     4
  Eat: Chunk             |     2 |     6 |     7 ||    15
Armor: Animal skin       |     8 |     7 |     9 ||    24
Dodge: Dodged            |    40 |    59 |    60 ||   159
Block: Other             |       |    17 |    37 ||    54
